 Dungeon Crawl Stone Soup version 0.21-a0-270-g8204059 (webtiles) character file.

42 Gagarin the Poker (level 3, 0/29 HPs)
             Began as a Merfolk Skald on Sept 13, 2017.
             Succumbed to a goblin's poison
             ... on level 1 of the Dungeon.
             The game lasted 00:05:37 (1271 turns).

Gagarin the Poker (Merfolk Skald)                   Turns: 1271, Time: 00:05:37

Health: 0/29       AC:  4    Str: 12    XL:     3   Next: 56%
Magic:  1/6        EV: 12    Int: 12    God:
Gold:   74         SH:  0    Dex: 13    Spells: 2/6 levels left

rFire    . . .     SeeInvis .   a - +0 spear
rCold    . . .     Gourm    .   (no shield)
rNeg     . . .     Faith    .   b - +0 leather armour
rPois    .         Spirit   +   (no helmet)
rElec    .         Reflect  .   (no cloak)
rCorr    .         Harm     .   m - +0 pair of gloves
MR       .....                  (no boots)
Stlth    ..........             n - amulet of guardian spirit
HPRegen  0.09/turn              f - ring of loudness (curse)
MPRegen  0.10/turn              (no ring)

@: lethally poisoned (0 -> -8), infused (expiring)
A: change form in water, swift swim, stealthy swim
a: no special abilities


You were on level 1 of the Dungeon.
You were not hungry.

You visited 1 branch of the dungeon, and saw 2 of its levels.

You collected 74 gold pieces.

Inventory:

Hand Weapons
 a - a +0 spear (weapon)
Armour
 b - a +0 leather armour (worn)
 m - a +0 pair of gloves (worn)
Jewellery
 f - a cursed ring of loudness (left hand)
 n - an amulet of guardian spirit (around neck)
Scrolls
 e - a scroll of remove curse {unknown}
 g - a scroll of amnesia {unknown}
 i - a scroll of enchant armour {unknown}
 j - a scroll of blinking {unknown}
 o - a scroll of fog {unknown}
Books
 c - a book of Battle

   Spells                             Type                      Level
   a - Infusion                       Charms                       1
   b - Shroud of Golubria             Charms/Translocation         2
   c - Song of Slaying                Charms                       2
   d - Spectral Weapon                Hexes/Charms                 3
   e - Regeneration                   Charms/Necromancy            3
Comestibles
 d - a bread ration
 h - 2 royal jellies
 k - 4 chunks of flesh
 l - a meat ration


   Skills:
 + Level 3.0 Fighting
 + Level 3.6 Polearms
 + Level 0.9 Armour
 + Level 2.9 Dodging
 + Level 2.2 Spellcasting
 + Level 0.2 Hexes
 + Level 3.5 Charms


You had 2 spell levels left.
You knew the following spells:

 Your Spells              Type           Power        Failure   Level  Hunger
a - Infusion              Chrm           #...         8%          1    ##.....
b - Spectral Weapon       Hex/Chrm       #.......     43%         3    ####...


Dungeon Overview and Level Annotations

Branches:
Dungeon (2/15)

Altars:

Annotations:
D:2 Robin


Message History

a club; a dagger of venom; a hobgoblin corpse; a goblin corpse You aren't carrying any potions.
Casting: Infusion
Confirm with . or Enter, or press ? or * to list all spells.
Okay, then.
Okay, then.
* * * LOW HITPOINT WARNING * * *
You feel sick.
* * * LOW HITPOINT WARNING * * *
You feel sick.
* * * LOW HITPOINT WARNING * * *
You feel sick.
* * * LOW HITPOINT WARNING * * *
You feel sick.
* * * LOW HITPOINT WARNING * * *
You feel sick.
* * * LOW HITPOINT WARNING * * *
You feel sick.
Your magical infusion is running out.
You die...

...............>.........'....'.'
........#.#.#.#.#.##.#####....###
####.###...........#.# #....###
####.# ##.#.#.#.#.##.# #.(...##
.....####..##....#.#.#######...##
###......#.#..............##(..##
..#.######...#............##...##
..#.....###..#..).........##.).##
..#.....#....#..@....#######...##
........#.##)#.......## #.....##
......#...##.###......# #....###
......#.####..##.....)# #....# #
......#.#...(.##.....(# #....# #
......#.#.###.##......####....# #
......#.#.###..#......)((#....# #
...............#......##)#....###
......#.#.####........#.(...(..##


There were no monsters in sight!

Vanquished Creatures
  2 dart slugs (D:1)
  2 leopard geckos (D:1)
  2 giant cockroaches (D:1)
  5 goblins (D:1)
  6 hobgoblins (D:1)
  5 bats (D:1)
  3 frilled lizards (D:1)
  6 kobolds (D:1)
  4 rats (D:1)
35 creatures vanquished.

Notes
Turn   | Place    | Note
-------+----------+-------------------------------------------
     0 | D:1      | Gagarin the Merfolk Skald began the quest for the Orb.
     0 | D:1      | Reached XP level 1. HP: 16/16 MP: 3/3
    72 | D:1      | Reached XP level 2. HP: 23/23 MP: 5/5
   192 | D:1      | HP: 1/23 [kobold/stone (3)]
   303 | D:1      | Reached XP level 3. HP: 5/28 MP: 6/6
   649 | D:1      | Learned a level 3 spell: Spectral Weapon
  1236 | D:2      | Noticed Robin
  1269 | D:1      | HP: 1/29 [poisoned by a goblin]
  1271 | D:1      | Succumbed to a goblin's poison

Vault maps used:
D:1:      wheals_arrival_shading, st_stairs_10
D:2:      overflow_temple_1_default, serial_bayou, serial_bayou_shore_b,
          serial_bayou_pond_b, serial_bayou_shore_b, serial_bayou_shore_b,
          due_unseen_surprise, uniq_robin, uniq_natasha, uniq_terence

Skill      XL: |  1  2  3 |
---------------+----------+-----
Fighting       | 3 |  3.0
Polearms       | |  3.6
Armour         | |  0.9
Dodging        | |  2.9
Spellcasting   | |  2.2
Hexes          | |  0.2
Charms         | |  3.5

Action                   || total
-------------------------++-------
Melee: Spear             ||   137
 Cast: Infusion          ||     3
  Use: Potion            ||     1
  Eat: Chunk             ||     1
Armor: Leather armour    ||    25
Dodge: Dodged            ||    80

Table legend:
 A = Spawn XP
 B = Non-spawn XP
 C = Spawn XP percentage of total XP
 D = Spawn monster count
 E = Non-spawn monster count
 F = Spawn count percentage of total count
 G = Total turns spent on level
                    A         B        C        D         E        F      G
               +---------+---------+-------+---------+---------+-------+---------
         Total |       0 |      61 |   0.0 |       0 |      35 |   0.0 |  1271
               +---------+---------+-------+---------+---------+-------+---------
           D:1 |       0 |      61 |   0.0 |       0 |      35 |   0.0 |  1265
               +---------+---------+-------+---------+---------+-------+---------
